 Dungeon Crawl Stone Soup version 0.17-a0-854-g4a4ba72 (webtiles) character file.

68 namelastname112 the Bolt Thrower (level 4, -1/37 HPs)
             Began as a Draconian Hunter on Apr 28, 2015.
             Slain by Natasha (6 damage)
             ... on level 2 of the Dungeon.
             The game lasted 00:02:33 (1687 turns).

namelastname112 the Bolt Thrower (Draconian Hunter) Turns: 1687, Time: 00:02:34

Health: -1/37      AC:  5    Str: 15    XL:     4   Next: 1%
Magic:  4/4        EV: 12    Int: 11    God:
Gold:   135        SH:  0    Dex: 12    Spells: 0 memorised, 3 levels left

rFire  . . .     SeeInvis .     b - +1 hand crossbow
rCold  . . .     Clarity  .     (armour unavailable)
rNeg   . . .     SustAb   .     (no shield)
rPois  .         Gourm    .     (helmet restricted)
rElec  .         Spirit   .     (no cloak)
rCorr  .         Warding  .     (no gloves)
rMut   .         Stasis   .     (no boots)
MR     .....                    (no amulet)
Stlth  +.........               (no ring)
                                (no ring)

@: slowed, very slow, not resistant to hostile enchantments, very unstealthy
A: unfitting armour, cold-blooded, AC +5
a: no special abilities


You were on level 2 of the Dungeon.
You were hungry.

You visited 1 branch of the dungeon, and saw 2 of its levels.

You collected 135 gold pieces.

Inventory:

Hand weapons
 b - a +1 hand crossbow (weapon)
 g - a +2 dagger of speed
Missiles
 c - 17 bolts (quivered)
Scrolls
 e - a scroll of blinking {unknown}
 l - 2 scrolls of teleportation {unknown}
 m - a scroll of remove curse {unknown}
 n - 4 scrolls of identify {unknown}
 p - a scroll of magic mapping {unknown}
Potions
 a - a potion of heal wounds {unknown}
 f - 4 potions of curing {unknown}
 h - a potion of invisibility
 i - a potion of cure mutation {unknown}
 j - a potion of resistance {unknown}
 k - 3 potions of agility {unknown}
Books
 o - a book of the Dragon

   Spells                             Type                      Level
   a - Flight                         Charms/Air                   3
   b - Cause Fear                     Hexes                        4
   c - Bolt of Fire                   Conjuration/Fire             6
   d - Dragon Form                    Transmutation                7
   e - Dragon's Call                  Summoning                    9
Comestibles
 d - 2 bread rations
 q - 3 chunks of flesh


   Skills:
 + Level 2.9 Fighting
 * Level 4.5 Crossbows
 + Level 2.2 Dodging
 - Level 0.8 Stealth


You had 3 spell levels left.
You didn't know any spells.

Dungeon Overview and Level Annotations

Branches:
Dungeon (2/15)

Altars:
Lugonu

Portals:
Abyss: D:1

Annotations:
D:2 Natasha


Innate Abilities, Weirdness & Mutations

Your plain brown scales are hard (AC +5).
Your body does not fit into most forms of armour.
You are cold-blooded and may be slowed by cold attacks.


Message History

Aim: an iron imp (summoned)
You shoot a bolt. The bolt hits the iron imp.
The iron imp is moderately wounded.
Something claws you.
* * * LOW HITPOINT WARNING * * *
You hear some strange, mumbled words.
A cloud of flames roars to life!
Firing (i - inventory):
c - 19 bolts (quivered)
Press: ? - help, Shift-Dir - straight line, f/p - iron imp
Aim: an iron imp (moderately wounded, summoned)
You shoot a bolt. The bolt barely misses the iron imp.
You hear some strange, mumbled words.
You feel as though you will be slow longer.
You hear some strange, mumbled words.
A cloud of flames roars to life!
Firing (i - inventory):
c - 18 bolts (quivered)
Press: ? - help, Shift-Dir - straight line, f/p - iron imp
Aim: an iron imp (moderately wounded, summoned)
You shoot a bolt. Something claws you.
You die...

#.###............#
##. #%
##.....#####.# #.#
#. #.#.#.### #.#
#.. #.## #.#.....#
#.# #.# #...
..#.###.# #.###.#
#..#####.# #.#
#...#.# #..#
#.###.# #.#.#.#
#..#####.....#
#......
#((5(@ยงยง...#.#
##.....
##.#########.#
#.#.#. #.# #.#
#.#.#. #.# #.#
#.#.#. #.# #.#
#.#.#. #.#
##.####..... #.#
#........#.. #..
.>......#####(..#
###
######..........


You could see an iron imp.

Vanquished Creatures
  3 adders (D:2)
  An ooze (D:1)
  A worm (D:2)
  2 giant cockroaches
  6 goblins (D:1)
  4 hobgoblins
  3 jackals (D:1)
  3 kobolds
  2 ball pythons
  4 bats
  A giant gecko (D:1)
  4 giant newts (D:1)
  3 rats
37 creatures vanquished.

Notes
Turn   | Place    | Note
--------------------------------------------------------------
     0 | D:1      | namelastname112, the Draconian Hunter, began the quest for the Orb.
     0 | D:1      | Reached XP level 1. HP: 17/17 MP: 1/1
   426 | D:1      | Reached XP level 2. HP: 2/25 MP: 2/2
   740 | D:1      | Found a one-way gate to the infinite horrors of the Abyss.
   740 | D:1      | Found a corrupted altar of Lugonu.
   740 | D:1      | Noticed a quasit
   740 | D:1      | Noticed an iron imp
   740 | D:1      | Noticed a quasit
   740 | D:1      | Noticed a quasit
   740 | D:1      | Noticed an iron imp
   740 | D:1      | Noticed a quasit
   741 | D:1      | Noticed an iron imp
   741 | D:1      | Noticed a demonic crawler
   742 | D:1      | Noticed a quasit
   742 | D:1      | Noticed a quasit
   857 | D:1      | Reached skill level 4 in Crossbows
  1102 | D:1      | Reached XP level 3. HP: 27/30 MP: 3/3
  1654 | D:2      | Reached XP level 4. HP: 37/37 MP: 4/4
  1667 | D:2      | Noticed Natasha
  1687 | D:2      | Slain by Natasha

Action                   |  1- 3 |  4- 6 || total
-------------------------+-------+-------++-------
Melee: Short sword       |    45 |       ||    45
       Dagger            |   102 |    11 ||   113
 Fire: Hand crossbow     |     3 |     3 ||     6
  Eat: Chunk             |     1 |     1 ||     2
